 Dungeon Crawl Stone Soup version 0.22.1-2-g9c5b331383 (webtiles) character file.

2678 Jynx the Basher (level 9, -8/57 HPs)
             Began as a Gargoyle Fighter on Jan 1, 2019.
             Killed by divine providence
             ... invoked by an orc priest
              (12 damage)
             ... on level 8 of the Dungeon.
             The game lasted 00:12:10 (7886 turns).

Jynx the Basher (Gargoyle Fighter)                  Turns: 7886, Time: 00:12:10

Health: -8/57      AC: 16    Str: 22    XL:     9   Next: 64%
Magic:  9/9        EV:  6    Int:  8    God:
Gold:   360        SH: 16    Dex: 11    Spells: 8/8 levels left

rFire    . . .     SeeInvis .   p - +0 morningstar
rCold    . . .     Gourm    .   t - +0 large shield
rNeg     + . .     Faith    .   b - +1 scale mail
rPois    ∞         Spirit   .   (no helmet)
rElec    +         Reflect  .   o - +0 cloak
rCorr    .         Harm     .   (no gloves)
MR       .....                  (no boots)
Stlth    ..........             (no amulet)
HPRegen  0.19/turn              (no ring)
MPRegen  0.11/turn              (no ring)

@: no status effects
A: negative energy resistance 1, electricity resistance, unbreathing,
petrification resistance, rot immunity, AC +6
a: no special abilities


You were on level 8 of the Dungeon.
You were hungry.

You visited 2 branches of the dungeon, and saw 9 of its levels.
You also visited: Sewer.

You collected 360 gold pieces.

Inventory:

Hand Weapons
 p - a +0 morningstar (weapon)
Armour
 b - a +1 scale mail (worn)
 o - a +0 cloak (worn)
 t - a +0 large shield (worn)
Jewellery
 a - a +3 ring of dexterity {unknown}
 c - an uncursed amulet of the gourmand {unknown}
 e - an uncursed ring of fire
 g - a +5 ring of protection {unknown}
 i - a cursed amulet of inaccuracy {unknown}
 j - a +3 ring of protection {unknown}
 y - an uncursed ring of poison resistance {unknown}
Wands
 r - a wand of enslavement (11)
 v - a wand of iceblast (7)
 x - a wand of acid (5)
Scrolls
 d - a scroll of amnesia {unknown}
 k - 5 scrolls of remove curse
 w - a scroll of fog
Potions
 h - 2 potions of lignification
Comestibles
 f - 11 rations


   Skills:
 + Level 7.1 Fighting
 * Level 8.4 Maces & Flails
 + Level 7.1 Armour
 + Level 7.0 Shields


You had 8 spell levels left.
You didn't know any spells.
Your spell library contained the following spells:

 Spells                   Type           Power        Failure   Level  Hunger
 Animate Skeleton         Necr           N/A          100%        1    ##.....
 Apportation              Tloc           #.....       100%        1    ##.....
 Confusing Touch          Hex            #.....       100%        1    ##.....
 Summon Small Mammal      Summ           #...         100%        1    ##.....


Dungeon Overview and Level Annotations

Branches:
Dungeon (8/15)             Temple (1/1) D:7
   Lair: D:8-11

Altars:
Ashenzari
Cheibriados
Elyvilon
Fedhas
Gozag
Hepliaklqana
Kikubaaqudgha
Makhleb
Nemelex Xobeh
Okawaru
Qazlal
Ru
Sif Muna
Trog
Uskayaw
Vehumet
Wu Jian
Xom
Yredelemnul
Zin
The Shining One


Innate Abilities, Weirdness & Mutations

You are resistant to torment.
Your stone body is resilient. (AC +6)
You are immune to poison.
You resist negative energy. (rN+)
You are resistant to electric shocks. (rElec)
You can survive without breathing.
You are immune to petrification.
You are immune to rotting.


Message History

You closely miss the killer bee.
The killer bee is heavily wounded.
You are feeling hungry.
The killer bee stings you. You block the killer bee's attack. x2
You miss the killer bee.
The killer bee is heavily wounded.
You block the killer bee's attack. The killer bee stings you.
* * * LOW HITPOINT WARNING * * *
You block the killer bee's attack.
You closely miss the killer bee.
The killer bee is heavily wounded.
The orc priest mumbles some strange prayers to Beogh against you.
Beogh smites you!
* * * LOW HITPOINT WARNING * * *
You block the killer bee's attack. x2
You sock the killer bee!
You kill the killer bee!
The orc priest mumbles some strange prayers to Beogh against you.
Beogh smites you!
You die...

### ##.≈ #.≈# #..# ##.≈' ####
##############...# ....#
#...............≈# .....#
#@########.......≈
......######?###### #........
...........oo5....###........
.......o....o............>...
.......o.###....#.###........
.......(..#####.#.# ###.#....
...........# #.#.# #.#..##
.....5......# #.#.## #......
............# #.#..# ###..#.


You could see an orc priest, a shadow imp and 2 orcs.

Vanquished Creatures
  A water moccasin (D:8)
  Purgy (Sewer)
  An orc warrior (D:7)
  An ice beast (D:7)
  2 sky beasts
  2 necrophages
  A centaur (D:8)
  A bullfrog (D:6)
  A wyvern zombie (D:8)
  A scorpion (D:6)
  11 killer bees
  3 electric eels (D:7)
  A crimson imp (D:8)
  A bullfrog zombie (D:6)
  7 jellies
  3 orc priests
  2 bullfrog skeletons
  6 hounds
  An iguana (D:5)
  5 orc wizards
  2 worker ants
  A howler monkey zombie (D:7)
  4 gnolls (D:7)
  9 adders
  A shadow imp (D:8)
  6 oozes
  A worm (D:4)
  2 dart slugs
  2 leopard geckos
  18 orcs
  2 ball pythons
  9 bats
  4 giant cockroaches
  6 goblins
  3 hobgoblins
  4 jackals
  9 kobolds
  4 quokkas
  7 frilled lizards
  A jackal zombie (D:5)
  A quokka skeleton (D:4)
  9 rats
157 creatures vanquished.

Notes
Turn   | Place    | Note
-------+----------+-------------------------------------------
     0 | D:1      | Jynx the Gargoyle Fighter began the quest for the Orb.
     0 | D:1      | Reached XP level 1. HP: 14/14 MP: 1/1
   137 | D:1      | Reached XP level 2. HP: 17/19 MP: 2/2
   572 | D:1      | Found a white marble altar of Elyvilon.
   600 | D:1      | Reached XP level 3. HP: 23/23 MP: 3/3
  1400 | D:3      | Reached skill level 3 in Maces & Flails
  1421 | D:3      | Reached XP level 4. HP: 14/29 MP: 4/4
  1826 | D:3      | Reached XP level 5. HP: 33/33 MP: 5/5
  2433 | D:4      | Reached skill level 4 in Maces & Flails
  2433 | D:4      | Reached XP level 6. HP: 12/39 MP: 6/6
  2822 | D:4      | Found a glowing drain.
  2832 | Sewer    | Entered a sewer
  2858 | Sewer    | Noticed Purgy
  2861 | Sewer    | Killed Purgy
  3019 | D:4      | Found a blossoming altar of Fedhas.
  3134 | D:4      | Reached XP level 7. HP: 44/44 MP: 7/7
  3220 | D:4      | Reached skill level 5 in Maces & Flails
  3370 | D:5      | Entered Level 5 of the Dungeon
  3645 | D:5      | Reached skill level 5 in Fighting
  3652 | D:5      | Reached skill level 5 in Armour
  3795 | D:5      | Reached skill level 5 in Shields
  4144 | D:6      | Reached XP level 8. HP: 48/50 MP: 8/8
  4175 | D:6      | Found a radiant altar of Vehumet.
  4309 | D:6      | Reached skill level 6 in Maces & Flails
  5206 | D:7      | Found a staircase to the Ecumenical Temple.
  5545 | Temple   | Entered the Ecumenical Temple
  5778 | D:7      | Found an iron altar of Okawaru.
  5838 | D:7      | Reached skill level 7 in Maces & Flails
  5839 | D:7      | HP: 1/76 [killer bee (6)]
  6133 | D:7      | Reached XP level 9. HP: 54/56 MP: 9/9
  6167 | D:7      | Found a glowing golden altar of the Shining One.
  6168 | D:7      | Found a sparkling altar of Nemelex Xobeh.
  6290 | D:7      | Found an ornate altar of the Wu Jian Council.
  6292 | D:7      | Found a shattered altar of Ashenzari.
  7275 | D:8      | Reached skill level 8 in Maces & Flails
  7886 | D:8      | Killed from afar by an orc priest

Skill      XL: |  1  2  3  4  5  6  7  8  9 |
---------------+----------------------------+-----
Maces & Flails | 3 4 5 7 8 |  8.4
Fighting       | 4 5 6 7 |  7.1
Armour         | 4 5 6 7 |  7.1
Shields        | 4 5 6 7 |  7.0

Action                   |  1- 3 |  4- 6 |  7- 9 || total
-------------------------+-------+-------+-------++-------
Melee: Flail             |   172 |    11 |       ||   183
       Morningstar       |       |   159 |   495 ||   654
  Use: Scroll            |     7 |     1 |     5 ||    13
       Potion            |       |     1 |    13 ||    14
 Stab: Invisible         |       |       |     2 ||     2
  Eat: Chunk             |     1 |     3 |     6 ||    10
       Ration            |       |     1 |     3 ||     4
Armor: Scale mail        |   133 |   110 |   269 ||   512
       Skin              |       |       |   153 ||   153
Dodge: Dodged            |    70 |    45 |   146 ||   261
Block: Shield            |   116 |    80 |    27 ||   223
       Large shield      |       |       |   517 ||   517
